 Dungeon Sprint DCSS version 0.30.1-3-gfc49f6343a (webtiles) character file.

Game seed: 1560740988672849549

51576 Groucho the Hoplite (level 14, -38/148 (152) HPs)
             Began as a Minotaur Fighter on Aug 8, 2023.
             Was the Champion of Qazlal.
             Killed from afar by an ancient lich (74 damage)
             ... with a crystal spear
             ... in the Dungeon (Sprint VII: "The Pits").
             The game lasted 00:16:07 (7543 turns).

Groucho the Hoplite (Minotaur Fighter)              Turns: 7543, Time: 00:16:07

HP:   -38/148 (152) AC: 23    Str: 26    XL:     14   Next: 23%
MP:   20/26         EV:  9    Int:  5    God:    Qazlal [******]
Gold: 64            SH: 31    Dex: 13    Spells: 13/13 levels left

rFire   + . .        r - +1 broad axe (vamp)
rCold   + . .        B - +1 tower shield
rNeg    . . .        C - +2 gold dragon scales
rPois   +            (helmet restricted)
rElec   .            b - +2 cloak
rCorr   .            (no gloves)
SInv    .            D - +1 pair of boots
Will    +....        (no amulet) Stlth
                     p - +3 ring of evasion
HPRegen 0.44/turn    q - +3 ring of dexterity
MPRegen 0.20/turn

%: no teleportation, repel missiles
@: protected from physical damage, corroded, lightly drained
A: horns 2, retaliatory headbutt
a: Renounce Religion, Upheaval, Elemental Force, Disaster Area


You were in the Dungeon.
You worshipped Qazlal.
Qazlal was exalted by your worship.
You visited 1 branch You collected 64 gold pieces.

Inventory:

Hand Weapons
 c - a +5 broad axe
 r - a +1 vampiric broad axe (weapon)
 z - the +9 whip "Apocoz" {antimagic, rPois rCorr Int+3 Stlth-}
   (You found it in the Dungeon)

   Int:       It affects your intelligence (+3).
   rPois:     It protects you from poison.
   rCorr:     It protects you from acid and corrosion.
   Stlth:     It makes you less stealthy.
Missiles
 k - 3 boomerangs (quivered)
Armour
 b - a +2 cloak (worn)
 B - a +1 tower shield (worn)
 C - +2 gold dragon scales (worn)
 D - a +1 pair of boots (worn)
Jewellery
 p - a +3 ring of evasion (left hand)
 q - a +3 ring of dexterity (right hand)
 t - the ring "Savyetei" {Fly Stlth+}
   (You found it in the Dungeon)

   [ring of flight]

   Fly:       It grants you flight.
   Stlth:     It makes you more stealthy.
 w - a ring of ice
 x - a ring of poison resistance
 y - a ring of protection from fire
 E - an amulet of regeneration
Wands
 o - a wand of charming (6)
 A - a wand of acid (4)
Scrolls
 j - 3 scrolls of fog
 m - 5 scrolls of amnesia
 n - a scroll of summoning
 s - 4 scrolls of identify
 u - 6 scrolls of enchant armour
Potions
 a - a potion of attraction {unknown}
 d - 3 potions of might
 e - 8 potions of curing
 f - 3 potions of heal wounds
 g - 3 potions of haste
 h - a potion of magic
 i - 5 potions of berserk rage
 l - 2 potions of invisibility
 v - 2 potions of mutation


   Skills:
 + Level 21.6 Fighting
 + Level 21.5 Axes
 + Level 21.6 Armour
 + Level 21.6 Shields
 + Level 18.3 Invocations


You had 13 spell levels left.
You didn't know any spells.
Your spell library was empty.

Dungeon Overview and Level Annotations

Branches:
Dungeon (1/1)

Altars:
Ashenzari
Cheibriados
Dithmenos
Elyvilon
Fedhas
Gozag
Hepliaklqana
Kikubaaqudgha
Makhleb
Nemelex Xobeh
Okawaru
Qazlal
Ru
Sif Muna
Trog
Uskayaw
Vehumet
Wu Jian
Xom
Yredelemnul
Zin
The Shining One
Jiyva
Lugonu


Innate Abilities, Weirdness & Mutations

You have a pair of horns on your head.
You reflexively headbutt those who attack you in melee.


Message History

Frances chants phrases taken from a devil's mouth.
Something touches you but does no damage.
Unknown command.
Unknown command.
You miss something. You slice the sixfirhy!! You hit Frances.
You feel better.
The sixfirhy is engulfed in freezing vapours. x2
You block the sixfirhy's attack.
Something touches you but does no damage.
Frances is engulfed in blazing flames.
Frances chants phrases taken from a devil's mouth.
You block the shard of ice.
The sixfirhy is engulfed in freezing vapours.
You block the sixfirhy's attack.
Frances is engulfed in blazing flames.
Frances completely misses you. Something touches you.
Unknown command.
You miss something. Your headbutt misses something. You slash the sixfirhy!
You kill the sixfirhy!
The sixfirhy disappears in a puff of smoke!
You slash Frances!
You feel better.
Frances is engulfed in blazing flames.
You kill Frances!
Qazlal accepts your kill.
Something touches you but does no damage.
Unknown command.
Unknown command.
You hit something but do no damage. You block something's attack.
Unknown command.
You hit something but do no damage.
Something touches you but does no damage.
Unknown command.
You slash something! Something touches you!
* * * LOW HITPOINT WARNING * * *
You feel drained.
* * * LOW HITPOINT WARNING * * *
Unknown command.
You barely miss something.
You hear some strange, mumbled words.
A crystal spear appears from out of thin air!
The crystal spear hits you!!!!
Ouch! That really hurt!
You die...

)...........).....#
''##############..#
.....#.#.#[#[[[#.≈#
...#.#.#.#[#[#[#≈.#
...[...#.#[#[.[#..#
)))#.#.#.#[##.##..#
)......#'#'#.[[#.○#
[..#.#.#...#.#[#..#
...........#[[.#@.#
...#.#.#.#)###'#{)#
...#...#.......#≈≈#
################)'#
#)'# ...# ≈.## ..##
.#


There were no monsters in sight!

Vanquished Creatures
  A lich (D)
  A deep elf master archer (D)
  3 death cobs (D)
  A shadow dragon (D)
  Frances (D)
  A nagaraja (D)
  Polyphemus (D)
  2 orc warlords (D)
  A deep elf demonologist (D)
  A lorocyproca (D)
  A minotaur (D)
  Snorg (D)
  An eidolon (D)
  An ice dragon (D)
  Erolcha (D)
  A hydra (D)
  5 vault guards (D)
  A two-headed ogre (D)
  A merfolk aquamancer (D)
  12 death yaks (D)
  A naga warrior (D)
  Erica (D)
  An orc high priest (D)
  3 deep elf knights (D)
  4 skeletal warriors (D)
  A flayed ghost (D)
  2 deep trolls (D)
  A sea snake (D)
  2 deep elf pyromancers (D)
  11 orc knights (D)
  A deep elf zephyrmancer (D)
  An orc sorcerer (D)
  2 cyclopes (D)
  A guardian serpent (D)
  A naga mage (D)
  3 demonic crawlers (D)
  An elephant (D)
  2 molten gargoyles (D)
  A rime drake (D)
  2 unseen horrors (D)
  A freezing wraith (D)
  An ice devil (D)
  A red devil (D)
  3 hornets (D)
  2 merfolk (D)
  A polar bear (D)
  A snapping turtle (D)
  2 water elementals (D)
  A wraith (D)
  A yak (D)
  2 spriggans (D)
  A fire elemental (D)
  A fire bat (D)
  Eustachio (D)
  6 vampire mosquitoes (D)
  4 redbacks (D)
  A chaos spawn (D)
  2 small abominations (D)
  A floating eye (D)
  3 orc warriors (D)
  2 sky beasts (D)
  3 centaurs (D)
  A phantom (D)
  3 wights (D)
  3 killer bees (D)
  A quasit (D)
  A hound (D)
  2 iron imps (D)
  A jelly (D)
  Crazy Yiuf (D)
  An orc priest (D)
  A gnoll bouda (D)
  2 orc wizards (D)
  A hell rat (D)
  A mummy (D)
  3 gnolls (D)
  An adder (D)
  A river rat (D)
  An adder skeleton (D)
  13 orcs (D)
  A ball python (D)
  2 bats (D)
  A bat zombie (D)
  3 jackals (D)
  2 quokkas (D)
  2 frilled lizards (D)
  A goblin (D)
  2 kobolds (D)
  A quokka simulacrum (D)
174 creatures vanquished.

Vanquished Creatures (others)
  A bat (D)
1 creature vanquished.

Grand Total: 175 creatures vanquished

Notes
Turn   | Place    | Note
-------+----------+-------------------------------------------
     0 | D        | Groucho the Minotaur Fighter began the quest for the Orb.
     0 | D        | Reached XP level 1. HP: 19/19 MP: 0/0
    48 | D        | Found a bloodstained altar of Trog.
    48 | D        | Found a shimmering blue altar of Sif Muna.
    48 | D        | Found a viscous altar of Jiyva.
    48 | D        | Found a hazy altar of Hepliaklqana.
    48 | D        | Found an opulent altar of Gozag.
    49 | D        | Found a glowing golden altar of the Shining One.
    49 | D        | Found a glowing silver altar of Zin.
    49 | D        | Found a basalt altar of Yredelemnul.
    49 | D        | Found a shimmering altar of Xom.
    49 | D        | Found an ornate altar of the Wu Jian Council.
    49 | D        | Found a sacrificial altar of Ru.
    49 | D        | Found a stormy altar of Qazlal.
    49 | D        | Found an iron altar of Okawaru.
    49 | D        | Found a sparkling altar of Nemelex Xobeh.
    49 | D        | Found a burning altar of Makhleb.
    49 | D        | Found a blossoming altar of Fedhas.
    49 | D        | Found a white marble altar of Elyvilon.
    49 | D        | Found a shadowy altar of Dithmenos.
    49 | D        | Found a snail-covered altar of Cheibriados.
    51 | D        | Found a radiant altar of Vehumet.
    51 | D        | Found a corrupted altar of Lugonu.
    52 | D        | Found a hide-covered altar of Uskayaw.
    52 | D        | Found an ancient bone altar of Kikubaaqudgha.
    52 | D        | Found a broken altar of Ashenzari.
    55 | D        | Became a worshipper of Qazlal Stormbringer
    75 | D        | Reached * piety under Qazlal
    76 | D        | Reached skill level 1 in Invocations
    87 | D        | Reached ** piety under Qazlal
   103 | D        | Reached XP level 2. HP: 28/28 MP: 2/2
   114 | D        | Reached *** piety under Qazlal
   201 | D        | Reached XP level 3. HP: 35/35 MP: 3/3
   205 | D        | Reached **** piety under Qazlal
   206 | D        | Reached skill level 5 in Fighting
   206 | D        | Reached skill level 5 in Armour
   206 | D        | Reached skill level 5 in Shields
   213 | D        | Noticed a sky beast
   226 | D        | Reached XP level 4. HP: 33/42 MP: 5/5
   228 | D        | Reached skill level 5 in Axes
   232 | D        | Killed a sky beast
   233 | D        | Reached XP level 5. HP: 34/51 MP: 2/7
   490 | D        | Noticed a rime drake
   495 | D        | Killed a rime drake
   495 | D        | Reached ***** piety under Qazlal
   496 | D        | Reached XP level 6. HP: 49/62 MP: 7/9
   642 | D        | Reached XP level 7. HP: 69/69 MP: 10/10
   879 | D        | Noticed a red devil
   880 | D        | Killed a red devil
   881 | D        | Reached skill level 10 in Fighting
   881 | D        | Reached skill level 10 in Armour
   881 | D        | Reached skill level 10 in Shields
  1042 | D        | Noticed a freezing wraith
  1043 | D        | Reached ****** piety under Qazlal
  1044 | D        | Reached XP level 8. HP: 79/79 MP: 8/12
  1050 | D        | Killed a freezing wraith
  1051 | D        | Reached skill level 10 in Axes
  1418 | D        | Noticed a molten gargoyle
  1429 | D        | Killed a molten gargoyle
  1632 | D        | Noticed a deep elf pyromancer
  1632 | D        | Noticed a deep troll
  1634 | D        | Reached XP level 9. HP: 89/90 MP: 5/15
  1634 | D        | Killed a deep troll
  1634 | D        | Killed a deep elf pyromancer
  1635 | D        | Reached skill level 10 in Invocations
  2301 | D        | Noticed a death yak
  2301 | D        | Noticed a demonic crawler
  2310 | D        | Killed a death yak
  2329 | D        | Killed a demonic crawler
  2330 | D        | Reached XP level 10. HP: 21/101 MP: 9/17
  3475 | D        | Noticed a spriggan rider
  3475 | D        | Noticed a cyclops
  3477 | D        | Killed a cyclops
  3731 | D        | Noticed Erolcha
  3734 | D        | Noticed a death yak
  3738 | D        | Killed Erolcha
  3748 | D        | Killed a death yak
  4017 | D        | Noticed a demonic crawler
  4017 | D        | Noticed Crazy Yiuf
  4017 | D        | Noticed an orc high priest
  4017 | D        | Noticed an orc sorcerer
  4018 | D        | Noticed a deep troll
  4019 | D        | Killed an orc sorcerer
  4019 | D        | Killed Crazy Yiuf
  4020 | D        | Reached XP level 11. HP: 98/111 MP: 10/19
  4021 | D        | Reached skill level 15 in Fighting
  4021 | D        | Reached skill level 15 in Armour
  4021 | D        | Reached skill level 15 in Shields
  4022 | D        | Noticed a deep elf zephyrmancer
  4027 | D        | Killed a deep troll
  4028 | D        | Killed an orc high priest
  4029 | D        | Reached skill level 15 in Axes
  4029 | D        | Killed a deep elf zephyrmancer
  4547 | D        | Got the +9 whip "Apocoz" {antimagic, rPois rCorr Int+3
                  | Stlth-}
  4624 | D        | Noticed a flayed ghost
  4624 | D        | Noticed an ice dragon
  4626 | D        | Killed a flayed ghost
  4638 | D        | Killed an ice dragon
  5136 | D        | Noticed a two-headed ogre
  5139 | D        | Killed a two-headed ogre
  5429 | D        | Noticed Polyphemus
  5448 | D        | Killed Polyphemus
  6016 | D        | Noticed an orc knight
  6016 | D        | Noticed an orc knight
  6017 | D        | Noticed an orc knight
  6017 | D        | Noticed an orc warlord
  6017 | D        | Noticed an orc warlord
  6017 | D        | Noticed an orc knight
  6017 | D        | Noticed a death cob
  6017 | D        | Noticed a vault guard
  6017 | D        | Noticed an orc knight
  6017 | D        | Noticed a naga warrior
  6017 | D        | Noticed Snorg
  6017 | D        | Noticed a seven-headed hydra
  6018 | D        | Noticed a deep elf knight
  6018 | D        | Noticed an orc knight
  6018 | D        | Noticed an orc knight
  6019 | D        | Noticed an orc knight
  6019 | D        | Noticed a shadow dragon
  6020 | D        | Killed an orc knight
  6020 | D        | Killed an orc knight
  6020 | D        | Noticed a vault guard
  6020 | D        | Noticed an orc knight
  6020 | D        | Killed an orc warlord
  6020 | D        | Noticed an orc knight
  6020 | D        | Noticed an orc knight
  6020 | D        | Killed Snorg
  6021 | D        | Reached XP level 12. HP: 125/125 MP: 12/21
  6021 | D        | Killed an orc warlord
  6021 | D        | Noticed a vault guard
  6022 | D        | Noticed a vault guard
  6023 | D        | HP: 4/119 [seven-headed hydra (2)]
  6023 | D        | HP: 1/119 [seven-headed hydra (3)]
  6037 | D        | HP: 4/119 [death cob (21)]
  6039 | D        | Killed a vault guard
  6039 | D        | Killed a vault guard
  6039 | D        | Killed a vault guard
  6039 | D        | Killed a lorocyproca
  6039 | D        | Killed a death cob
  6040 | D        | Reached skill level 15 in Invocations
  6044 | D        | Killed a vault guard
  6052 | D        | Killed a naga warrior
  6053 | D        | Reached XP level 13. HP: 41/136 MP: 8/23
  6056 | D        | Killed a shadow dragon
  7148 | D        | Noticed a death cob
  7148 | D        | Noticed a deep elf master archer
  7149 | D        | Killed a deep elf master archer
  7155 | D        | Killed a death cob
  7159 | D        | Got the ring "Savyetei" {Fly Stlth+}
  7265 | D        | Noticed a nagaraja
  7273 | D        | Killed a nagaraja
  7298 | D        | Noticed a death cob
  7310 | D        | Killed a death cob
  7327 | D        | Noticed Erica
  7329 | D        | Killed Erica
  7372 | D        | Reached XP level 14. HP: 86/151 MP: 13/25
  7377 | D        | Noticed Eustachio
  7383 | D        | Killed Eustachio
  7515 | D        | Noticed an ancient lich
  7515 | D        | Noticed a lich
  7519 | D        | Noticed Frances
  7522 | D        | Killed a lich
  7539 | D        | Killed Frances
  7543 | D        | Killed from afar by an ancient lich

Illustrated notes

Levels and vault maps discovered:
D:        pitsprint [storerooms_1, entrance_room_1, metal_vault_2, armoury_3,
          mini_pit_1, grid_room_1, main_hall_1, silver_pit, the_coven_1,
          the_vestibule_1, steel_vault_2, golden_pit, hallway_of_sentries,
          crystal_vault_1, iron_vault_5, final_vault]

Skill      XL: |  1  2  3  4  5  6  7  8  9 10 11 12 13 14 |
---------------+-------------------------------------------+-----
Fighting       | 4 5 6 8 10 11 13 14 17 18 21 | 21.6
Armour         | 4 5 6 8 10 11 13 14 17 18 21 | 21.6
Shields        | 4 5 6 8 10 11 13 14 17 18 21 | 21.6
Invocations    | 1 2 3 4 6 7 9 10 12 14 15 17 18 | 18.3
Axes           | 3 4 6 8 9 11 12 14 16 18 20 21 | 21.5

Action                     |  1- 3 |  4- 6 |  7- 9 | 10-12 | 13-15 || total
---------------------------+-------+-------+-------+-------+-------++-------
  Melee: Hand axe          |    42 |    17 |     6 |       |       ||    65
         War axe           |     2 |       |       |       |       ||     2
         Headbutt          |     3 |     2 |    13 |    22 |    22 ||    62
         Broad axe         |       |       |    40 |    82 |   139 ||   261
 Invoke: Upheaval          |       |     1 |    11 |    18 |    18 ||    48
         Disaster Area     |       |       |     1 |     8 |     5 ||    14
    Use: Scroll            |       |       |     1 |     1 |       ||     2
         Potion            |       |       |       |    11 |     8 ||    19
 Armour: Scale mail        |    15 |       |       |       |       ||    15
         Plate armour      |    15 |    10 |    25 |    88 |    10 ||   148
         Gold dragon scale |       |       |       |       |    62 ||    62
  Dodge: Dodged            |    10 |     3 |    18 |    44 |    23 ||    98
         Repelled          |       |       |     1 |       |     1 ||     2
  Block: Buckler           |    20 |     6 |    45 |   121 |     8 ||   200
         Tower shield      |       |       |       |       |   196 ||   196
